Description

The build used by Nerchio on Dasan Station in the DreamHack Valencia Grandfinals

Replay - MarineLorD v Nerchio: Game 2 - Dasan Station LE

Build Order

Get SALT Encoding   

  12  0:00  Drone  
  13  0:12  Overlord  
  13  0:16  Drone  
  14  0:30  Drone x2  
  14  0:34  Drone  
  17  0:52  Hatchery  
  17  0:54  Drone  
  17  0:58  Drone  
  17  1:03  Extractor  
  17  1:14  Spawning Pool  
  17  1:16  Drone  
  17  1:20  Drone  
  18  1:28  Drone  
  19  1:38  Overlord  
  19  1:49  Drone  
  20  2:00  Queen  
  20  2:01  Zergling x2  
  23  2:03  Queen  
  23  2:05  Metabolic Boost  
  25  2:08  Zergling x2  
  25  2:11  Drone  
  27  2:15  Drone  
  27  2:21  Drone  
  29  2:26  Drone  
  30  2:32  Drone  
  30  2:36  Queen  
  33  2:39  Queen  
  33  2:43  Overlord  
  35  2:46  Drone  
  36  2:54  Overlord  
  36  3:01  Drone x2  
  36  3:04  Drone  
  39  3:07  Zergling x2  
  39  3:08  Zergling x2  
  39  3:09  Drone x2  
  44  3:12  Drone  
  44  3:13  Drone x2  
  46  3:27  Drone  
  46  3:29  Drone  
  46  3:30  Hatchery  
  46  3:32  Drone  
  48  3:39  Drone x2  
  48  3:41  Roach Warren  
  49  3:47  Drone x2  
  51  3:51  Overlord  
  51  3:53  Overlord  
  51  3:57  Overlord  
  51  4:07  Evolution Chamber  
  50  4:14  Spore Crawler  
  50  4:16  Drone  
  50  4:17  Drone  
  51  4:23  Drone x4  
  51  4:24  Drone  
  56  4:29  Roach x3  
  56  4:30  Roach x2  
  65  4:31  Roach  
  65  4:34  Overlord  
  67  4:41  Lair  
  67  4:43  Drone, Extractor  
  67  4:44  Drone, Extractor  
  67  4:45  Drone  
  68  4:53  Drone x2  
  68  4:56  Drone  
  71  5:01  Drone x6  
  71  5:06  Overlord  
  77  5:09  Drone x2  
  79  5:18  Overlord  
  79  5:21  Zerg Ground Armor Level 1  
  79  5:23  Drone x2  
  79  5:25  Evolution Chamber  
  79  5:26  Overlord  
  80  5:35  Roach x6  
  92  5:38  Roach  
  92  5:41  Roach  
  93  5:45  Roach  
  93  5:49  Queen  
  95  5:51  Queen  
  95  5:52  Queen  
  100  5:57  Glial Reconstitution  
  100  5:59  Overlord x2  
  100  6:05  Zergling x16  
  100  6:06  Zergling x2  
  100  6:10  Ravager  
  110  6:13  Zergling x8  
  110  6:16  Overlord  
  114  6:21  Overlord  
  114  6:24  Overlord  
  112  6:27  Ravager x2  
  112  6:28  Zergling x2  
  112  6:29  Zergling x14  
  108  6:40  Drone x3  
  108  6:42  Drone x3  
  108  6:44  Drone, Extractor  
  108  6:45  Zerg Melee Weapons Level 1  
  114  6:48  Spore Crawler, Extractor x2  
  114  6:50  Drone  
  114  6:51  Drone  
  113  6:54  Drone x2  
  113  6:55  Drone  
  113  6:57  Drone  
  117  7:01  Drone  
  117  7:02  Drone  
  117  7:07  Overlord  
  119  7:08  Hatchery  
  119  7:13  Queen x3  
  124  7:24  Zerg Ground Armor Level 2  
  124  7:27  Infestation Pit  
  119  7:31  Zergling x10  
  119  7:33  Overlord  
  124  7:46  Zergling x6  
  124  7:47  Overlord  
  127  7:57  Roach x8  
  143  7:59  Pneumatized Carapace  
  143  8:03  Overlord  
  143  8:07  Hive, Infestor x2  
  143  8:09  Overlord  
  147  8:13  Roach x3  
  147  8:14  Roach  
  147  8:16  Roach  
  147  8:18  Ravager x2  
  161  8:20  Roach  
  161  8:21  Roach  
  161  8:22  Roach  
  161  8:23  Zergling x2  
  161  8:26  Roach  
  168  8:28  Roach  
  168  8:31  Roach x2  
  168  8:33  Roach  
  165  8:34  Roach  
  165  8:37  Roach  
  165  8:38  Roach  
  162  8:45  Drone x2, Overlord  
  164  8:50  Drone x2  
  164  8:52  Spire  
  160  8:58  Zergling x12  
  160  8:59  Zergling x2  
  167  9:04  Zergling x2  
  167  9:05  Zergling x6, Extractor  
  170  9:19  Ravager x2  
  170  9:20  Ravager x5  
  170  9:21  Zergling x20  
  187  9:31  Overlord  
  187  9:33  Ultralisk Cavern  
  187  9:37  Overlord x2  
  186  9:49  Zergling x4  
  172  9:54  Roach x7  
  172  9:56  Zergling x8  
  172  9:57  Zergling x6  
Spawning Tool Build Advisor. Get it on Overwolf

Go to:

Details

  • Created by: Phantae
  • Published on: Jul 16, 2016
  • Modified on: Jul 16, 2016
  • Patch: Pre-3.8.0
Show
View Real Time Build Order
Export as new Build Order

Comments (1)

On July 17, 2016, 7:47 a.m., DaftMat  said:

Useless mate stop copy ALL the game of WCS that's useless.

Create an account to comment!